 Dungeon Crawl Stone Soup version 0.29.1-15-g9cfb28693d (webtiles) character file.

Game seed: 11974970467447610756

156 Thatpatchoflichen the Trooper (level 5, 0/42 HPs)
             Began as a Human Monk on Mar 2, 2023.
             Killed from afar by an orc wizard (12 damage)
             ... with a puff of flame
             ... on level 4 of the Dungeon.
             The game lasted 00:05:18 (3603 turns).

Thatpatchoflichen the Trooper (Human Monk)          Turns: 3603, Time: 00:05:18

Health: 0/42       AC:  8    Str: 11    XL:     5   Next: 64%
Magic:  5/5        EV: 12    Int: 11    God:
Gold:   196        SH:  0    Dex: 17    Spells: 4/4 levels left

rFire   . . .      SeeInvis .   a - +0 falchion
rCold   . . .      Faith    .   (no shield)
rNeg    . . .      Spirit   .   d - +0 ring mail
rPois   .          Reflect  .   (no helmet)
rElec   .          Harm     .   (no cloak)
rCorr   .          Rampage  .   (no gloves)
Will    .....                   i - +2 pair of boots
Stlth   ++........              (no amulet)
HPRegen 0.14/turn               (no ring)
MPRegen 0.09/turn               (no ring)

@: no status effects
A: no striking features
a: no special abilities


You were on level 4 of the Dungeon.
You visited 1 branch of the dungeon, and saw 4 of its levels.

You collected 222 gold pieces.
You spent 26 gold pieces at shops.

Inventory:

Hand Weapons
 a - a +0 falchion (weapon)
Armour
 d - a +0 ring mail (worn)
 i - a +2 pair of boots (worn)
Scrolls
 b - 4 scrolls of teleportation
 f - a scroll of magic mapping {unknown}
 g - a scroll of blinking {unknown}
 j - a scroll of immolation {unknown}
 k - a scroll of amnesia {unknown}
 n - 2 scrolls of enchant weapon {unknown}
 o - a scroll of noise {unknown}
 p - a scroll of vulnerability {unknown}
 q - a scroll of poison {unknown}
 r - a scroll of fear {unknown}
Potions
 c - a potion of ambrosia
 e - a potion of berserk rage {unknown}
 h - a potion of haste {unknown}
 l - 2 potions of might {unknown}
 m - a potion of mutation {unknown}
 s - a potion of curing {unknown}


   Skills:
 + Level 4.0 Fighting
 - Level 3.0 Long Blades
 + Level 2.3 Armour
 + Level 4.0 Dodging
 - Level 3.0 Stealth


You had 4 spell levels left.
You didn't know any spells.
Your spell library was empty.

Dungeon Overview and Level Annotations

Branches:
Dungeon (4/15)
 Temple: D:4-7

Altars:

Shops:
D:2 ?

Annotations:
D:3 2 transporters, necrobotica's ghost, weakling GrEE


Message History

You hit the orc.
The orc is severely wounded.
The orc barely misses you. Something barely misses you.
You slash the orc!
You kill the orc!
You hear some strange, mumbled words.
A magic dart appears from out of thin air!
The magic dart hits you.
Something hits you but does no damage. x2
Something hits you. x2
You see here a +0 falchion.
Something hits you.
A magic dart appears from out of thin air!
The magic dart hits something.
A puff of flame appears from out of thin air!
The puff of flame hits something!
Reactivating autopickup.
Things that are here:
a +0 dagger; a +0 robe Deactivating autopickup; reactivate with Ctrl-A.
You miss something. Something hits you but does no damage.
You hit something. Something hits you but does no damage.
You miss something.
You hear some strange, mumbled words.
A puff of flame appears from out of thin air!
The puff of flame hits you.
You hit something.
You hear some strange, mumbled words.
Something tries to affect you, but you resist.
You completely miss something. Something hits you but does no damage.
You closely miss something.
You hear some strange, mumbled words.
A puff of flame appears from out of thin air!
The puff of flame hits you. Something hits you.
* * * LOW HITPOINT WARNING * * *
You hit something. Something hits you but does no damage.
You hit something.
You hear some strange, mumbled words.
A puff of flame appears from out of thin air!
The puff of flame hits you!
You die...

....##..# #8###
###.......# ####
#.....##..# #.#)
##.###..###.# #)..
#...........# #..#
#######..###..#######..#
.......o.# #...........#
#######{## #...........#
#@####.###.####.##
#......# #.# #.#
#.....##### #.# #.##
#.###.# ..# #.#. # .#
.## #.#. .# #. #... .#
#. ###. ## #. #####.
........


You could see an orc.

Vanquished Creatures
  A necrophage (D:4)
  4 adders
  4 dart slugs
  5 orcs
  3 ball pythons
  6 bats
  3 endoplasms (D:3)
  A giant cockroach (D:2)
  4 hobgoblins
  2 quokkas
  3 frilled lizards (D:3)
  5 goblins
  4 kobolds
  4 rats
49 creatures vanquished.

Vanquished Creatures (others)
  An orc wizard (D:4)
1 creature vanquished.

Grand Total: 50 creatures vanquished

Notes
Turn   | Place    | Note
-------+----------+-------------------------------------------
     0 | D:1      | Thatpatchoflichen the Human Monk began the quest for the
                  | Orb.
     0 | D:1      | Reached XP level 1. HP: 18/18 MP: 1/1
   104 | D:1      | Reached XP level 2. HP: 13/24 MP: 2/2
  1241 | D:2      | Identified the +10 quarterstaff of Alemiaps {holy, Drain
                  | +Blink Will+ Int+4}
  1264 | D:2      | Found Areseda's Magic Scroll Boutique.
  1279 | D:2      | Bought a scroll of identify for 26 gold pieces
  1374 | D:2      | Reached skill level 1 in Armour
  1374 | D:2      | Reached XP level 3. HP: 18/29 MP: 3/3
  1511 | D:2      | Found a faded altar of an unknown god.
  2333 | D:3      | Reached XP level 4. HP: 22/35 MP: 4/4
  2487 | D:3      | Found a transporter.
  2498 | D:3      | Noticed necrobotica's ghost (weakling GrEE)
  2551 | D:3      | Found a transporter.
  3524 | D:4      | Noticed a necrophage
  3536 | D:4      | Killed a necrophage
  3537 | D:4      | Reached XP level 5. HP: 37/42 MP: 5/5
  3603 | D:4      | Killed from afar by an orc wizard

Illustrated notes

Levels and vault maps discovered:
D:1:      elethiomel_arrival_shortcut, layout_basic
D:2:      layout_basic, serial_shops, nicolae_shop_advertising_works
          [nicolae_subvault_shop_adworks], ebering_ecumenical_altar_rust
D:3:      layout_basic, gammafunk_ghost_stat_death
D:4:      layout_loops_ring, dk_noncrumbling_2, st_stairs_5,
          hangedman_decor_peaks_small

Skill      XL: |  1  2  3  4  5 |
---------------+----------------+-----
Armour         | 1 2 |  2.3
Stealth        | 3 |  3.0
Fighting       | 4 |  4.0
Dodging        | 4 |  4.0
Long Blades    | |  3.0

Action                   |  1- 3 |  4- 6 || total
-------------------------+-------+-------++-------
Melee: Falchion          |    91 |   102 ||   193
       Punch             |     1 |       ||     1
  Use: Scroll            |     1 |       ||     1
 Stab: Sleeping          |     1 |     3 ||     4
Armor: Robe              |     1 |       ||     1
       Ring mail         |    55 |    59 ||   114
Dodge: Dodged            |    59 |    63 ||   122
